 Dungeon Crawl Stone Soup version 0.28-a0-1518-gbe868bca14 (webtiles) character file.

Game seed: 4155122938207882712

18732 flotson the Fighter (level 12, -18/94 HPs)
             Began as a Demonspawn Gladiator on Jan 17, 2022.
             Was an Initiate of Gozag.
             Killed from afar by a fire giant (42 damage)
             ... with a bolt of fire
             ... on level 10 of the Dungeon.
             The game lasted 00:29:41 (15581 turns).

flotson the Fighter (Demonspawn Gladiator)         Turns: 15581, Time: 00:29:41

Health: -18/94     AC: 30    Str: 26    XL:     12   Next: 30%
Magic:  0/12       EV:  8    Int:  9    God:    Gozag
Gold:   1877       SH: 14    Dex: 15    Spells: 11/11 levels left

rFire   . . .      SeeInvis +   a - +4 trident (vorpal)
rCold   . . .      Faith    .   q - +0 tower shield
rNeg    + + +      Spirit   +   F - +8 chain mail of Surprise {*Corrode rPois rN++ Regen+}
rPois   +          Reflect  .   f - +1 helmet {SInv}
rElec   .          Harm     .   P - +2 cloak {Stlth+}
rCorr   .          Rampage  .   (no gloves)
Will    .....                   R - +2 pair of boots {Stlth+}
Stlth   ..........              E - amulet of guardian spirit
HPRegen 1.05/turn               A - +6 ring of strength
MPRegen 0.13/turn               g - ring of positive energy

@: no status effects
A: hooves 2, slimy green scales 2, foul stench 2, spiny 2
a: Renounce Religion, Potion Petition, Call Merchant, Bribe Branch


You were on level 10 of the Dungeon.
You worshipped Gozag.
Gozag was most pleased with you.
You visited 2 branches of the dungeon, and saw 13 of its levels.
You also visited: Bailey and Gauntlet.

You collected 2436 gold pieces.
You spent 411 gold pieces at shops.
You paid 148 gold pieces to Gozag.

Inventory:

Hand Weapons
 a - a +4 vorpal trident (weapon)
 b - a +0 hunting sling
 c - a +4 scimitar of flaming
Missiles
 p - 215 stones
 t - 6 boomerangs
 D - 4 silver javelins (quivered)
 M - 19 sling bullets
 O - 15 poisoned darts
Armour
 f - a +1 helmet of see invisible (worn)
 q - a +0 tower shield (worn)
 F - the +8 chain mail of Surprise (worn) {*Corrode rPois rN++ Regen+}
   (You bought it in a shop on level 12 of the Dungeon)

   rPois:     It protects you from poison.
   rN:        It greatly protects you from negative energy.
   Regen:     It increases your rate of health regeneration.
   *Corrode:  It may corrode you when you take damage.
 P - a +2 cloak of stealth (worn)
 R - a +2 pair of boots of stealth (worn)
Jewellery
 g - a ring of positive energy (right hand)
 j - the ring of the Establishment {rPois rF+ MP+9}
   (You took it off a centaur warrior on level 10 of the Dungeon)

   [ring of magical power]

   rF:        It protects you from fire.
   rPois:     It protects you from poison.
   MP:        It affects your magic capacity (+9).
 o - a ring of fire
 u - a ring of see invisible
 y - a ring of flight
 A - a +6 ring of strength (left hand)
 C - a ring of protection from cold
 E - an amulet of guardian spirit (around neck)
Wands
 d - a wand of polymorph (9)
 I - a wand of digging (5)
 J - a wand of paralysis (18)
 L - a wand of charming (1)
 T - a wand of acid (3)
 U - a wand of mindburst (5)
Scrolls
 e - 3 scrolls of enchant weapon
 h - 3 scrolls of immolation
 k - 3 scrolls of brand weapon
 n - 3 scrolls of silence
 v - 4 scrolls of vulnerability
Potions
 i - 7 potions of curing
 l - 2 potions of ambrosia {unknown}
 m - a potion of attraction {unknown}
 r - a potion of lignification {unknown}
 s - a potion of invisibility {unknown}
 w - 2 potions of might
 x - 4 potions of heal wounds
 z - 2 potions of magic {unknown}
 B - 3 potions of brilliance {unknown}
 G - a potion of resistance {unknown}
 H - a potion of flight {unknown}
 K - 4 potions of mutation
Miscellaneous
 N - a lightning rod (4/4)


   Skills:
 + Level 8.7 Fighting
 + Level 8.2 Axes
 + Level 8.0 Throwing
 + Level 7.7 Armour
 + Level 8.2 Dodging
 + Level 5.4 Shields
 + Level 5.6 Evocations


You had 11 spell levels left.
You didn't know any spells.
Your spell library contained the following spells:

 Spells                   Type           Power      Damage    Failure   Level
 Sandblast                Erth           0%         2d4       100%        1
 Passwall                 Tmut/Erth      0%         N/A       100%        2
 Sublimation of Blood     Necr           0%         N/A       100%        2
 Call Canine Familiar     Summ           0%         N/A       100%        3
 Gell's Gravitas          Tloc           0%         N/A       100%        3
 Portal Projectile        Hex/Tloc       0%         N/A       100%        3
 Stone Arrow              Conj/Erth      0%         3d7       100%        3
 Teleport Other           Tloc           0%         N/A       100%        3
 Leda's Liquefaction      Hex/Erth       0%         N/A       100%        4
 Petrify                  Tmut/Erth      0%         N/A       100%        4
 Irradiate                Conj/Tmut      0%         3d13      100%        5
 Dispersal                Tloc           0%         N/A       100%        6


Dungeon Overview and Level Annotations

Branches:
Dungeon (12/15)            Temple (1/1) D:5            Lair (0/6) D:9
 Bailey (visited)         Gauntlet (visited)
    Orc: D:9-12

Altars:
Ashenzari
Cheibriados
Dithmenos
Elyvilon
Fedhas
Gozag
Hepliaklqana
Kikubaaqudgha
Makhleb
Nemelex Xobeh
Okawaru
Qazlal
Ru
Sif Muna
Trog
Uskayaw
Vehumet
Wu Jian
Xom
Yredelemnul
Zin
The Shining One

Shops:
D:2 (   D:7 :   D:12 *


Innate Abilities, Weirdness & Mutations

You have hoof-like feet.
You are mostly covered in slimy green scales. (AC +3)
You sometimes emit foul miasma when damaged in melee.
You are mostly covered in sharp spines.


Message History

The fireball engulfs the fire giant.
The fire giant resists.
The deep troll is engulfed in blazing flames.
The forest fire spreads!
You are too injured to fight recklessly!
Unknown command.
You are too injured to fight recklessly!
Unknown command.
Blink to where?
Press: ? - help, Dir - move target
As you read the scroll of blinking, it crumbles to dust.
The fire giant is engulfed in blazing flames.
The deep troll is engulfed in a forest fire.
The deep troll is engulfed in blazing flames.
The deep troll is engulfed in blazing flames.
The fire giant gestures at you while chanting.
The bolt of fire hits you!!
* * * LOW HITPOINT WARNING * * *
Unknown command.
Okay, then.
Unknown command.
Aiming: Paralyse
Press: ? - help, Shift-Dir - straight line, f - fire giant
Aim: a fire giant, wielding a +1 great sword of flaming (moderately wounded, chance to affect: 15%)
Okay, then.
Unknown command.
Unknown command.
Aiming: Mindburst
Press: ? - help, Shift-Dir - straight line, f - fire giant
Aim: a fire giant, wielding a +1 great sword of flaming (moderately wounded, chance to affect: 34%)
Okay, then.
Unknown command.
Aiming: Corrosive Bolt
Press: ? - help, Shift-Dir - straight line, f - fire giant
Aim: a fire giant, wielding a +1 great sword of flaming (moderately wounded, 94% to hit)
The bolt of acid hits the fire giant!
The acid corrodes the fire giant!
The fire giant is moderately wounded.
The fire giant points at you and mumbles some strange words.
The bolt of fire hits you!!!
You die...
Your body crumbles into a pile of gold.

...♣♣...♣ ##.###
#.# #.## ####
#..#####.# ♣.♣
#...)))..# ).♣♣
#...###### ...♣♣
#...# ♣♣..♣♣ #♣
♣#...# ♣♣..♣♣ #.♣
♣.#...# ♣♣..♣♣
♣.♣.♣#...#
♣♣..♣♣#♣♣.♣♣#@..#
♣♣...§§§§TC....#
♣♣..♣#§§§♣♣#...#
♣♣..♣♣#§§§.♣#...#
C♣♣♣..♣♣
#§§§♣.#...#
♣$..C♣♣
#♣§§.♣#...#
♣♣..♣♣ .♣.♣.#...#
♣♣♣♣ ♣ ♣.♣#...#
♣.#...#


You could see a fire giant (corroded) and a deep troll.

Vanquished Creatures
  A minotaur (Gauntlet)
  A boulder beetle (D:12)
  A centaur warrior (D:10)
  A two-headed ogre (D:9)
  A tengu warrior (D:10)
  Erica (D:10)
  The ghost of hashsling the Carver, a novice HuCA of Ignis (D:5)
  A cyclops (D:11)
  A manticore (D:10)
  Maurice (D:9)
  A smoke demon (Gauntlet)
  Maggie (D:8)
  A gargoyle (D:10)
  Psyche (D:9)
  A komodo dragon (D:9)
  A kobold demonologist (D:11)
  A red devil (Gauntlet)
  4 trolls
  A slime creature (D:10)
  3 flying skulls (Gauntlet)
  3 wyverns
  4 wraiths
  A vampire (D:12)
  2 steam dragons
  25 yaks
  3 basilisks (D:9)
  5 acid dragons
  3 water moccasins
  2 ice beasts
  3 black bears
  4 orc warriors
  2 centaurs
  An ogre (D:4)
  A phantom (D:7)
  3 kobold brigands
  3 gnoll sergeants
  5 scorpions
  A wyvern skeleton (D:6)
  4 wights (D:8)
  11 killer bees
  A howler monkey (D:11)
  2 crimson imps (Gauntlet)
  2 centaur zombies
  2 bullfrog zombies
  3 jellies
  3 hounds
  2 gnoll shamans
  4 orc priests
  2 bullfrog skeletons
  3 centaur skeletons
  2 iguanas
  6 orc wizards
  A killer bee zombie (D:7)
  A howler monkey zombie (D:6)
  23 gnolls
  4 adders
  An ufetubus (D:7)
  A worm (D:2)
  A dart slug (D:4)
  31 orcs
  5 bats
  5 endoplasms
  2 giant cockroaches
  6 goblins
  10 hobgoblins
  5 jackals
  4 quokkas
  5 ball pythons
  2 frilled lizards
  9 kobolds
  4 rats
263 creatures vanquished.

Vanquished Creatures (others)
  20 demonic plants (Gauntlet)
  3 plants (D:10)
23 creatures vanquished.

Grand Total: 286 creatures vanquished

Notes
Turn   | Place    | Note
-------+----------+-------------------------------------------
     0 | D:1      | flotson the Demonspawn Gladiator began the quest for the
                  | Orb.
     0 | D:1      | Reached XP level 1. HP: 16/16 MP: 1/1
   458 | D:1      | Gained mutation: You may rarely emit foul miasma when
                  | damaged in melee. [demonic ancestry]
   458 | D:1      | Reached XP level 2. HP: 22/22 MP: 2/2
  1061 | D:2      | Found Qeraz's Weapon Emporium.
  1132 | D:2      | Gained mutation: You sometimes emit foul miasma when
                  | damaged in melee. [demonic ancestry]
  1132 | D:2      | Reached XP level 3. HP: 28/28 MP: 3/3
  1327 | D:1      | Reached skill level 1 in Armour
  1712 | D:2      | Found a faded altar of an unknown god.
  1716 | D:2      | Reached XP level 4. HP: 27/34 MP: 4/4
  3461 | D:3      | Gained mutation: You have large cloven feet. [demonic
                  | ancestry]
  3461 | D:3      | Reached XP level 5. HP: 20/41 MP: 5/5
  4265 | D:4      | Gained mutation: You are partially covered in slimy green
                  | scales. (AC +2) [demonic ancestry]
  4265 | D:4      | Reached XP level 6. HP: 30/47 MP: 6/6
  4393 | D:4      | Found a burning altar of Makhleb.
  4747 | D:4      | Found a hide-covered altar of Uskayaw.
  4873 | D:4      | Found a broken altar of Ashenzari.
  5384 | D:5      | Entered Level 5 of the Dungeon
  5433 | D:5      | Gained mutation: You are partially covered in sharp spines.
                  | [demonic ancestry]
  5433 | D:5      | Reached XP level 7. HP: 38/53 MP: 7/7
  5583 | D:5      | Found a sacrificial altar of Ru.
  5605 | D:5      | Found a staircase to the Ecumenical Temple.
  5624 | Temple   | Entered the Ecumenical Temple
  6065 | D:5      | Found an opulent altar of Gozag.
  6068 | D:5      | Found an opulent altar of Gozag.
  6068 | D:5      | Found an opulent altar of Gozag.
  6071 | D:5      | Became a worshipper of Gozag Ym Sagoz the Greedy
  6079 | D:5      | Found an opulent altar of Gozag.
  6117 | D:5      | Found a runed translucent gate.
  6118 | D:5      | Found a runed translucent gate.
  6119 | D:5      | Found a runed translucent gate.
  6123 | D:5      | Noticed hashsling's ghost (novice HuCA)
  7294 | D:6      | Gained mutation: You are mostly covered in sharp spines.
                  | [demonic ancestry]
  7294 | D:6      | Reached XP level 8. HP: 47/61 MP: 8/8
  7521 | D:6      | Reached skill level 5 in Axes
  7571 | D:6      | Reached skill level 5 in Dodging
  7607 | D:6      | Reached skill level 5 in Fighting
  7760 | D:6      | Found a blossoming altar of Fedhas.
  7970 | D:6      | Reached skill level 5 in Throwing
  8187 | D:7      | Reached XP level 9. HP: 39/68 MP: 9/9
  8566 | D:7      | Found Qupiacs's Book Emporium.
  9314 | D:5      | Killed hashsling's ghost
  9315 | D:5      | Reached skill level 5 in Armour
  9526 | D:8      | Noticed Maggie
  9544 | D:8      | Killed Maggie
  9603 | D:8      | Found a radiant altar of Vehumet.
  9622 | D:8      | Reached skill level 1 in Shields
  9633 | D:8      | Found a flagged portal.
  9815 | Bailey   | Entered a bailey
  9985 | Bailey   | Identified the +7 plate armour "Gaecve" {rElec Str+3}
 10926 | D:8      | Gained mutation: You are mostly covered in slimy green
                  | scales. (AC +3) [demonic ancestry]
 10926 | D:8      | Reached XP level 10. HP: 60/77 MP: 6/10
 10931 | D:8      | Reached skill level 1 in Evocations
 11708 | D:9      | Noticed Psyche
 11711 | D:9      | Killed Psyche
 11894 | D:9      | Found a staircase to the Lair.
 12427 | D:9      | Reached XP level 11. HP: 51/84 MP: 9/11
 12630 | D:9      | Noticed a two-headed ogre
 12639 | D:9      | Killed a two-headed ogre
 12706 | D:9      | Noticed Maurice
 12729 | D:9      | Killed Maurice
 13231 | D:10     | Entered Level 10 of the Dungeon
 13628 | D:10     | Found a shadowy altar of Dithmenos.
 13641 | D:10     | Noticed Erica
 13657 | D:10     | Killed Erica
 13896 | D:10     | You fall into a shaft and drop 2 floors!
 13915 | D:12     | Noticed a boulder beetle
 14072 | D:12     | Found Faposihi's Assorted Antiques.
 14100 | D:12     | Bought a scroll of identify for 62 gold pieces
 14100 | D:12     | Bought 2 blue potions for 55 gold pieces
 14100 | D:12     | Bought an ichor-stained chain mail for 294 gold pieces
 14100 | D:12     | Identified the +8 chain mail of Surprise {*Corrode rPois
                  | rN++ Regen+} (You bought it in a shop on level 12 of the
                  | Dungeon)
 14140 | D:12     | Noticed a boulder beetle
 14253 | D:12     | Found a gate leading to a gauntlet.
 14262 | Gauntlet | Entered a Gauntlet
 14262 | Gauntlet | Noticed an entropy weaver
 14262 | Gauntlet | Noticed a wolf spider
 14262 | Gauntlet | Found a transporter.
 14262 | Gauntlet | Found a transporter.
 14389 | Gauntlet | Found a transporter.
 14392 | Gauntlet | Found a transporter.
 14400 | Gauntlet | Noticed a cacodemon
 14402 | Gauntlet | Found a transporter.
 14468 | Gauntlet | Found a transporter.
 14484 | Gauntlet | Found a transporter.
 14493 | Gauntlet | Found a transporter.
 14503 | Gauntlet | Found a transporter.
 14518 | Gauntlet | Found a transporter.
 14524 | Gauntlet | Found a transporter.
 14524 | Gauntlet | Noticed an oklob plant
 14545 | Gauntlet | Found a transporter.
 14843 | Gauntlet | Noticed a minotaur
 14852 | Gauntlet | Killed a minotaur
 14950 | D:12     | Killed a boulder beetle
 14958 | D:12     | Reached skill level 5 in Evocations
 15057 | D:12     | Noticed a skeletal warrior
 15152 | D:11     | Gained mutation: You have hoof-like feet. [demonic
                  | ancestry]
 15152 | D:11     | Reached XP level 12. HP: 91/94 MP: 12/12
 15154 | D:11     | Reached skill level 5 in Shields
 15356 | D:10     | Noticed a centaur warrior
 15356 | D:10     | Noticed a tengu warrior
 15356 | D:10     | Noticed a fire giant
 15364 | D:10     | Noticed a stone giant
 15367 | D:10     | Killed a tengu warrior
 15476 | D:10     | Identified the ring of the Establishment {rPois rF+ MP+9}
 15502 | D:10     | Killed a centaur warrior
 15581 | D:10     | Killed from afar by a fire giant

Illustrated notes

Levels and vault maps discovered:
D:1:      heliophobic_arrival_enchanted_forest, layout_loops_cross
D:2:      layout_basic, serial_shops, shop_coins,
          shapermc_ecumenical_altar_venn, nrook_loot_triangle
D:3:      layout_basic
D:4:      layout_loops_corners, kennysheep_little_box,
          mainiacjoe_overflow_paths, mainiacjoe_overflow_brackets,
          feat_on_display
D:5:      layout_loops_ring, nicolae_gozag_conspicuous_consumption,
          lemuel_crystal_altar, minmay_temple_entry_mist, gammafunk_ghost_split,
          lightli_minifort
D:6:      layout_loops_ring, mainiacjoe_overflow_cross_hatched,
          hangedman_minor_gate_pass
D:7:      layout_cave_pods, serial_shops, nicolae_shop_waterfront
D:8:      layout_gridville, mainiacjoe_overflow_boulevard, enter_bailey_2,
          dk_rats_in_the_wall, uniq_maggie
D:9:      layout_roguey, erik_lair_dragon, grunt_ministairs_3, uniq_psyche,
          uniq_maurice
D:10:     nzn_winding_woodlands_cross
          [nzn_winding_woodlands_5x15_pathside_ponds,
          nzn_winding_woodlands_5x15_concentric,
          nzn_winding_woodlands_5x15_split_checker,
          nzn_winding_woodlands_5x15_zeroes,
          nzn_winding_woodlands_15x15_thick_spiral], layout_basic,
          general_overflow_altar, uniq_erica
D:11:     layout_rooms, david_orc_3, lightli_fourway_metalbox
D:12:     layout_irregular_city, gauntlet_entry_generic,
          kennysheep_small_square, uniq_kirke
Temple:   eino_temple_water

Skill      XL: |  1  2  3  4  5  6  7  8  9 10 11 12 |
---------------+-------------------------------------+-----
Throwing       | 2 3 4 5 6 7 8 |  8.0
Axes           | 3 4 5 6 7 8 |  8.2
Armour         | 1 2 3 4 5 6 7 |  7.7
Dodging        | 3 4 5 6 7 8 |  8.2
Fighting       | 3 4 5 6 7 8 |  8.7
Shields        | 1 3 4 5 |  5.4
Evocations     | 3 5 |  5.6

Action                   |  1- 3 |  4- 6 |  7- 9 | 10-12 || total
-------------------------+-------+-------+-------+-------++-------
Melee: War axe           |    95 |    23 |       |       ||   118
       Halberd           |       |    38 |   145 |       ||   183
       Kick              |       |     9 |    42 |       ||    51
       Trident           |       |       |    81 |   434 ||   515
 Fire: Hunting sling     |       |   106 |    96 |    65 ||   267
Throw: Throwing net      |     1 |     1 |     3 |     1 ||     6
       Boomerang         |       |       |    17 |     2 ||    19
       Javelin           |       |       |       |     6 ||     6
       Dart              |       |       |       |     2 ||     2
Evoke: Lightning rod     |       |       |       |     2 ||     2
       Wand              |       |       |       |     1 ||     1
  Use: Scroll            |       |       |     1 |    12 ||    13
       Potion            |       |       |       |     2 ||     2
 Stab: Held in net/web   |       |     1 |       |     2 ||     3
       Sleeping          |       |       |     1 |     1 ||     2
       Distracted        |       |       |     1 |     2 ||     3
Armor: Leather armour    |     7 |       |       |       ||     7
       Ring mail         |    33 |    42 |    61 |       ||   136
       Steam dragon scal |       |       |    18 |    55 ||    73
       Chain mail        |       |       |       |   162 ||   162
Dodge: Dodged            |    58 |    75 |   128 |   154 ||   415
Block: Tower shield      |       |       |    51 |   308 ||   359

Table legend: (Time is in decaauts)
 A = Elapsed time spent in this place.
 B = Non-inter-level travel time spent in this place.
 C = Inter-level travel time spent in this place.
 D = Time resting spent in this place.
 E = Time spent auto-exploring this place.
 F = Levels seen in this place.
 G = Mean time per level.
                   A        B        C        D        E       F      G
               +--------+--------+--------+--------+--------+-----+--------+
         Total |  16067 |  15329 |    738 |   1180 |  10765 |  15 | 1071.1 |
       Dungeon |  14395 |  13677 |    718 |    988 |   9802 |  12 | 1199.6 |
        Temple |    304 |    284 |     20 |      0 |    273 |   1 |  304.0 |
        Bailey |    732 |    732 |      0 |    141 |    331 |   1 |  732.0 |
      Gauntlet |    634 |    634 |      0 |     51 |    358 |   1 |  634.0 |
               +--------+--------+--------+--------+--------+-----+--------+

Top non-repeatable levels by time:
     D:4: 1782 daAuts
     D:9: 1738 daAuts
     D:2: 1569 daAuts
     D:8: 1484 daAuts
     D:1: 1289 daAuts
     D:5: 1216 daAuts
     D:3: 1203 daAuts
     D:7: 1195 daAuts
     D:6: 1041 daAuts
    D:10: 1038 daAuts
  Bailey: 732 daAuts
    D:12: 636 daAuts
Gauntlet: 634 daAuts
  Temple: 304 daAuts
    D:11: 197 daAuts
